 Dungeon Crawl Stone Soup version 0.28-a0-21-gf74fda84f9 (webtiles) character file.

Game seed: 15707419583172697170

235 ryw the Skirmisher (level 5, -2/63 HPs)
             Began as a Demonspawn Monk on July 26, 2021.
             Slain by a phantom (4 damage)
             ... on level 4 of the Dungeon.
             The game lasted 00:06:10 (4600 turns).

ryw the Skirmisher (Demonspawn Monk)                Turns: 4600, Time: 00:06:10

Health: -2/63      AC: 22    Str: 13    XL:     5   Next: 76%
Magic:  5/5        EV:  2    Int: 11    God:
Gold:   158        SH:  0    Dex: 15    Spells: 4/4 levels left

rFire   . . .      SeeInvis .     - Unarmed
rCold   . . .      Faith    .   (no shield)
rNeg    + + +      Spirit   .   (armour currently unavailable)
rPois   +          Reflect  .   (helmet currently unavailable)
rElec   .          Harm     .   (cloak currently unavailable)
rCorr   .          Rampage  .   (gloves currently unavailable)
Will    .....      NoTele   +   (boots currently unavailable)
Stlth   ++........              (no amulet)
HPRegen 0.20/turn               (no ring)
MPRegen 0.09/turn               (no ring)

@: tree-form
A: stationary, stasis, torment immunity, boosted hp, (antennae 1), (thin
metallic scales 1), (spiny 1)
a: no special abilities


You were on level 4 of the Dungeon.
You were a tree.
You visited 1 branch of the dungeon, and saw 4 of its levels.

You collected 158 gold pieces.

Inventory:

Hand Weapons
 l - a +3 war axe
 m - a +1 dagger of electrocution
Missiles
 f - 4 javelins (quivered)
 o - a throwing net
Armour
 a - a +0 robe (melded)
 r - a +0 cloak (melded)
Magical Staves
 j - a staff of fire
Jewellery
 n - an amulet of faith
Wands
 p - a wand of polymorph (9)
Scrolls
 b - a scroll of magic mapping {unknown}
 c - 6 scrolls of identify {unknown}
 e - a scroll of enchant armour {unknown}
 g - 2 scrolls of enchant weapon {unknown}
 h - 2 scrolls of teleportation {unknown}
 i - a scroll of amnesia {unknown}
 s - a scroll of vulnerability {unknown}
Potions
 d - a potion of lignification
 k - a potion of haste {unknown}
 q - a potion of heal wounds {unknown}


   Skills:
 + Level 4.2 Fighting
 + Level 4.0 Dodging
 - Level 2.7 Stealth
 - Level 3.7 Unarmed Combat


You had 4 spell levels left.
You didn't know any spells.
Your spell library was empty.

Dungeon Overview and Level Annotations

Branches:
Dungeon (4/15)
 Temple: D:4-7

Altars:
Elyvilon
Ru
Zin

Shops:
D:3 *   D:4 *


Innate Abilities, Weirdness & Mutations

You are a tree.
Your roots penetrate the ground, keeping you stationary.
You cannot be teleported.
You are immune to unholy pain and torment.
Your maximum health is greatly increased.
Your equipment is partially melded.
((You have a pair of small antennae on your head.))
((You are partially covered in thin metallic scales. (AC +2)))
((You are partially covered in sharp spines.))


Message History

You are too injured to fight recklessly!
You are too injured to fight recklessly!
You are too injured to fight recklessly!
You are too injured to fight recklessly!
You closely miss the phantom.
The phantom is heavily damaged.
The phantom closely misses you.
You hit the phantom but do no damage.
The phantom is heavily damaged.
The phantom hits you.
You miss the phantom.
The phantom is heavily damaged.
The phantom hits you!
* * * LOW HITPOINT WARNING * * *
You hit the phantom but do no damage.
The phantom is heavily damaged.
The phantom is struck by your spines.
The phantom hits you but does no damage.
You barely miss the phantom.
The phantom is heavily damaged.
The phantom closely misses you.
You hit the phantom but do no damage.
The phantom is heavily damaged.
The phantom is struck by your spines. The phantom barely misses you.
You barely miss the phantom.
The phantom is severely damaged.
The phantom is struck by your spines. The phantom hits you.
* * * LOW HITPOINT WARNING * * *
Unknown command.
You closely miss the phantom.
The phantom is almost destroyed.
The phantom is struck by your spines. The phantom closely misses you.
It was a potion of lignification.
You turn into a tree.
Your +0 cloak melds into your body.
Your +0 robe melds into your body.
Your roots penetrate the ground.
The phantom hits you.
* * * LOW HITPOINT WARNING * * *
You closely miss the phantom.
The phantom is almost destroyed.
The phantom hits you.
You die...

.## ##.## .# #.###.##
##'## ##.#.##
##..(###### ##.####
##...(.#... #.##.##
##........#
###.#...####.........###
...........'.........'..
##.#.....###.........#
#.###..#.# ##...♣<...#
##.#.#...# ##..W..#.#
##)###.## ##...## ###
#.# ##'## #.# #.# #.#
#># #.# #.# #.# ... #.#
...


You could see a phantom.

Vanquished Creatures
  A hound (D:4)
  2 orc wizards
  2 adders
  4 gnolls
  2 adder skeletons (D:4)
  A worm (D:2)
  A dart slug (D:2)
  6 orcs
  3 bats
  7 endoplasms
  3 giant cockroaches
  5 hobgoblins
  15 jackals
  7 kobolds
  4 quokkas
  2 ball pythons (D:4)
  4 frilled lizards
  2 goblins (D:1)
  11 rats
82 creatures vanquished.

Notes
Turn   | Place    | Note
-------+----------+-------------------------------------------
     0 | D:1      | ryw the Demonspawn Monk began the quest for the Orb.
     0 | D:1      | Reached XP level 1. HP: 18/18 MP: 1/1
   461 | D:1      | Gained mutation: You are partially covered in sharp spines.
                  | [demonic ancestry]
   461 | D:1      | Reached XP level 2. HP: 18/24 MP: 2/2
  1177 | D:2      | Gained mutation: You are partially covered in thin metallic
                  | scales. (AC +2) [demonic ancestry]
  1177 | D:2      | Reached XP level 3. HP: 24/29 MP: 3/3
  1235 | D:2      | Found a faded altar of an unknown god.
  1752 | D:2      | Gained mutation: You have a pair of small antennae on your
                  | head. [demonic ancestry]
  1752 | D:2      | Reached XP level 4. HP: 29/35 MP: 4/4
  2512 | D:3      | Found Zin's Purification Station.
  3487 | D:4      | Reached XP level 5. HP: 41/41 MP: 5/5
  3871 | D:4      | Found a sacrificial altar of Ru.
  3954 | D:4      | Found Vukiethi's Overcharged Wands.
  4575 | D:4      | Noticed a phantom
  4599 | D:4      | HP: 2/63 [phantom (4)]
  4600 | D:4      | Slain by a phantom

Illustrated notes

Levels and vault maps discovered:
D:1:      beargit_arrival_diablo_church, layout_basic
D:2:      layout_rooms, basic_ecumenical_altar, kennysheep_generic_room_11
D:3:      layout_basic, zin_purify
D:4:      layout_loops_corners, elyvilon_altar_3, nicolae_ru_path_of_blood,
          nicolae_shop_overcharged_wands

Skill      XL: |  1  2  3  4  5 |
---------------+----------------+-----
Stealth        | 2 |  2.7
Unarmed Combat | 3 |  3.7
Dodging        | 3 4 |  4.0
Fighting       | 4 |  4.2

Action                   |  1- 3 |  4- 6 || total
-------------------------+-------+-------++-------
Melee: Unarmed           |   119 |   146 ||   265
       Punch             |     3 |     3 ||     6
Throw: Javelin           |     3 |     8 ||    11
  Use: Potion            |       |     1 ||     1
 Stab: Sleeping          |     9 |     8 ||    17
Armor: Robe              |    21 |    23 ||    44
Dodge: Dodged            |    83 |    68 ||   151

Table legend: (Time is in decaauts)
 A = Elapsed time spent in this place.
 B = Non-inter-level travel time spent in this place.
 C = Inter-level travel time spent in this place.
 D = Time resting spent in this place.
 E = Time spent auto-exploring this place.
 F = Levels seen in this place.
 G = Mean time per level.
                   A        B        C        D        E       F      G
               +--------+--------+--------+--------+--------+-----+--------+
         Total |   4595 |   4482 |    113 |   1176 |   2600 |   4 | 1148.8 |
       Dungeon |   4595 |   4482 |    113 |   1176 |   2600 |   4 | 1148.8 |
               +--------+--------+--------+--------+--------+-----+--------+

Top non-repeatable levels by time:
     D:3: 1343 daAuts
     D:1: 1183 daAuts
     D:2: 1123 daAuts
     D:4: 944 daAuts
